 Dungeon Sprint DCSS version 0.29.1-2-gbd0b4ee654 (webtiles) character file.

Game seed: 13526410370821945550

674 Groucho the Unseen (level 7, -2/54 HPs)
             Began as a Spriggan Enchanter on Nov 13, 2022.
             Slain by a neqoxec (14 damage)
             ... in the Dungeon (Sprint II: "The Violet Keep of Menkaure").
             The game lasted 00:01:05 (96 turns).

Groucho the Unseen (Spriggan Enchanter)               Turns: 96, Time: 00:01:06

Health: -2/54      AC:  2    Str:  4    XL:     7   Next: 33%
Magic:  14/20      EV: 19    Int: 17    God:
Gold:   243        SH:  0    Dex: 13    Spells: 24/24 levels left

rFire   . . .      SeeInvis +   a - +1 dagger
rCold   . . .      Faith    .   (no shield)
rNeg    . . .      Spirit   .   b - +0 robe
rPois   .          Reflect  .   (helmet restricted)
rElec   .          Harm     .   (no cloak)
rCorr   .          Rampage  .   (gloves unavailable)
Will    +....      NoTele   +   (boots unavailable)
Stlth   ..........              (no amulet)
HPRegen 0.18/turn               (no ring)
MPRegen 0.17/turn               (no ring)

@: berserking (expiring), unable to read, very quick
A: very small, no large weapons, unfitting armour, see invisible, speed 3,
clumsy 1, weak 1, inability to read after injury 1
a: no special abilities


You were in the Dungeon.
You visited 1 branch You collected 243 gold pieces.

Inventory:

Hand Weapons
 a - a +1 dagger (weapon)
Armour
 b - a +0 robe (worn)
Scrolls
 i - a scroll of blinking
Potions
 c - a potion of invisibility
 e - a potion of heal wounds
 g - 2 potions of magic


   Skills:
 + Level 3.3 Fighting
 + Level 4.7 Short Blades
 + Level 6.4 Dodging
 + Level 15.0 Stealth
 + Level 9.3 Spellcasting
 + Level 9.7 Hexes


You had 24 spell levels left.
You didn't know any spells.
Your spell library contained the following spells:

 Spells                   Type           Power      Damage    Failure   Level
 Ensorcelled Hibernation  Hex/Ice        48%        N/A       1%          2
 Confusing Touch          Hex            40%        N/A       1%          3
 Tukima's Dance           Hex            40%        N/A       1%          3
 Dazzling Flash           Conj/Hex       48%        N/A       3%          3


Dungeon Overview and Level Annotations

Branches:
Dungeon (1/1)

Altars:


Innate Abilities, Weirdness & Mutations

You are very small and have problems with some larger weapons.
You are too small for most types of armour.
You have supernaturally acute eyesight. (SInv)
You cover ground extremely quickly. (Speed+++)
You are clumsy. (Dex -2)
You are weak. (Str -2)
You occasionally lose the ability to read scrolls when taking damage.


Message History

The neqoxec is almost dead.
The neqoxec misses you. The neqoxec gestures at you.
Something tries to feed on your intellect!
Unknown command.
You hit the neqoxec.
You kill the neqoxec!
You feel your intelligence returning.
Your Fighting skill increases to level 3!
Your Dodging skill increases to level 6!
Your Stealth skill increases to level 15!
Your Spellcasting skill increases to level 9!
The neqoxec gestures at you.
Strange energies course through your body.
You feel clumsy. The neqoxec barely misses you. The neqoxec misses you.
There is an open door here.
You closely miss the neqoxec.
Unknown command.
You closely miss the neqoxec. The neqoxec misses you. The neqoxec hits you! x2
You feel threatened and lose the ability to read scrolls!
Unknown command.
You are too injured to fight recklessly!
Unknown command.
You are too injured to fight recklessly!
Unknown command.
You are too injured to fight recklessly!
Unknown command.
You are too injured to fight recklessly!
You are too injured to fight recklessly!
You are too injured to fight recklessly!
You barely miss the neqoxec.
You are too injured to fight recklessly!
You are too injured to fight recklessly!
You hit the neqoxec.
The neqoxec is lightly wounded.
The neqoxec hits you!
* * * LOW HITPOINT WARNING * * *
The neqoxec hits you!
You die...

## ## #.#
#+###.#
#.3##.##..##
#3@.<.†##$+
#3##.##..##
#.###'###.#
####.#.####
#.###†#
##.#.## #+##


You could see 3 neqoxecs.

Vanquished Creatures
  2 wyverns (D)
  A neqoxec (D)
  4 scorpions (D)
7 creatures vanquished.

Notes
Turn   | Place    | Note
-------+----------+-------------------------------------------
     0 | D        | Groucho the Spriggan Enchanter began the quest for the Orb.
     0 | D        | Reached XP level 1. HP: 9/9 MP: 5/5
     1 | D        | Noticed a neqoxec
     1 | D        | Noticed a neqoxec
     1 | D        | Noticed a neqoxec
     1 | D        | Noticed a neqoxec
     5 | D        | Noticed a scorpion
     5 | D        | Noticed a scorpion
     5 | D        | Noticed a scorpion
     5 | D        | Noticed a scorpion
    30 | D        | Killed a scorpion
    31 | D        | Reached skill level 9 in Stealth
    31 | D        | Reached skill level 5 in Spellcasting
    31 | D        | Reached skill level 5 in Hexes
    31 | D        | Reached XP level 2. HP: 13/13 MP: 6/9
    31 | D        | Reached XP level 3. HP: 16/16 MP: 6/10
    38 | D        | Killed a scorpion
    39 | D        | Reached skill level 11 in Stealth
    39 | D        | Reached XP level 4. HP: 20/21 MP: 7/13
    49 | D        | Killed a scorpion
    50 | D        | Reached skill level 12 in Stealth
    50 | D        | Reached XP level 5. HP: 23/24 MP: 8/15
    52 | D        | Reached skill level 13 in Stealth
    57 | D        | Noticed a wyvern
    57 | D        | Noticed a wyvern
    60 | D        | Killed a wyvern
    61 | D        | Reached skill level 5 in Dodging
    61 | D        | Reached skill level 14 in Stealth
    61 | D        | Reached XP level 6. HP: 30/30 MP: 10/18
    63 | D        | Killed a wyvern
    64 | D        | Reached XP level 7. HP: 35/35 MP: 11/20
    79 | D        | Gained mutation: You are weak. (Str -2) [a neqoxec]
    81 | D        | Gained mutation: You occasionally lose the ability to read
                  | scrolls when taking damage. [a neqoxec]
    91 | D        | Killed a neqoxec
    92 | D        | Reached skill level 15 in Stealth
    92 | D        | Gained mutation: You are clumsy. (Dex -2) [a neqoxec]
    96 | D        | Slain by a neqoxec

Illustrated notes

Levels and vault maps discovered:
D:        the_violet_keep_of_menkaure [sprint2_stairs_cluster_1,
          sprint2_shoproom, sprint2_temple, sprint2_basic_supplies,
          sprint2_obstacle_3, sprint2_obstacle_4, sprint2_obstacle_5,
          sprint2_obstacle_1, sprint2_obstacle_7, sprint2_timed_cluster_1,
          sprint2_smallroom_cluster_1, sprint2_smallroom_final_cluster_1,
          sprint2_transparent_cluster_1, sprint2_second_timed_cluster_1,
          sprint2_sniper_area_1, sprint2_heavy_combat_area_1,
          sprint2_mutation_trap_area_1, sprint2_forest_area_1,
          sprint2_light_combat_area_1, sprint2_behind_water_1,
          sprint2_near_end_vault_1]

Skill      XL: |  1  2  3  4  5  6  7 |
---------------+----------------------+-----
Stealth        | 9 11 12 14 15 | 15.0
Spellcasting   | 5 6 7 8 9 |  9.3
Hexes          | 5 6 7 8 9 |  9.7
Fighting       | 2 3 |  3.3
Short Blades   | 3 4 |  4.7
Dodging        | 5 6 |  6.4

Action                   |  1- 3 |  4- 6 |  7- 9 || total
-------------------------+-------+-------+-------++-------
Melee: Dagger            |    26 |    12 |    18 ||    56
  Use: Potion            |     3 |       |     1 ||     4
 Stab: Invisible         |     2 |     2 |       ||     4
       Sleeping          |     1 |     2 |       ||     3
Dodge: Dodged            |    13 |     8 |     7 ||    28
